 Dungeon Crawl Stone Soup version 0.29.1-13-g9f3cf754e1 (webtiles) character file.

Game seed: 15443373132643371961

1 Vulpanium the Magician (level 1, 0/18 HPs)
             Began as a Djinni Wanderer on Jan 21, 2023.
             Slain by an endoplasm (3 damage)
             ... on level 1 of the Dungeon.
             The game lasted 00:00:50 (25 turns).

Vulpanium the Magician (Djinni Wanderer)              Turns: 25, Time: 00:00:51

Health: 0/18       AC:  2    Str: 13    XL:     1   Next: 22%
Gold:   0          EV: 11    Int: 14    God:
                   SH:  0    Dex:  9

rFire   + + .      SeeInvis .   a - +0 club
rCold   x . .      Faith    .   (no shield)
rNeg    . . .      Spirit   .   c - +0 robe
rPois   ∞          Reflect  .   (no helmet)
rElec   .          Harm     .   (no cloak)
rCorr   .          Rampage  .   (no gloves)
Will    .....                   (boots unavailable)
Stlth   +.........              (no amulet)
HPRegen 0.06/turn               (no ring)
MPRegen 0.00/turn               (no ring)

@: flying
A: sickness immunity, fire resistance 2, cold vulnerability 1, float, innate
caster, HP casting, extra vitality 1
a: no special abilities


You were on level 1 of the Dungeon.
You visited 1 branch of the dungeon, and saw 1 of its levels.

Inventory:

Hand Weapons
 a - a +0 club (weapon)
Armour
 c - a +0 robe (worn)
Scrolls
 b - a scroll of butterflies
 d - a scroll of vulnerability
 e - a scroll of acquirement {unknown}


   Skills:
 + Level 2.0 Fighting
 + Level 1.1 Dodging
 + Level 4.1 Spellcasting
 + Level 1.0 Evocations


You couldn't memorise any spells.
You knew the following spells:

 Your Spells              Type           Power      Damage    Failure   Level
a - Apportation           Tloc           28%        N/A       3%          1
b - Portal Projectile     Hex/Tloc       28%        N/A       11%         3
c - Blink                 Tloc           28%        N/A       5%          2
d - Mephitic Cloud        Conj/Pois/Air  14%        N/A       11%         3
e - Sting                 Tmut/Pois      56%        1d5       3%          1

Your spell library contained the following spells:

 Spells                   Type           Power      Damage    Failure   Level


Dungeon Overview and Level Annotations

Branches:
Dungeon (1/15)

Altars:


Innate Abilities, Weirdness & Mutations

You are immune to sickness and miasma.
You are immune to poison.
Your flesh is very heat resistant. (rF++)
You are vulnerable to cold. (rC-)
You float through the air rather than walking.
You learn spells naturally, not from books.
Your magical power is your life essence.
You have superior vitality. (+4 MHP)


Message History

Sorry, you're not good enough to have a special ability.
Casting: Apportation (safe; 3% risk of failure)
Confirm with . or Enter, or press ? or * to list all spells.
Aiming: Apportation (safe; 3% risk of failure)
Press: ? - help, Dir - move target Apport: a scroll labelled BEZISTR DYFAIN Yoink!
You pull the item towards yourself.
The bat barely misses you. The bat misses you.
You hit the endoplasm.
The endoplasm is almost dead.
The bat hits you. The endoplasm closely misses you.
You hit the endoplasm.
You kill the endoplasm!
The bat closely misses you. The rat closely misses you. The bat hits you.
The rat barely misses you.
You hit the endoplasm but do no damage. The bat misses you. The rat bites you.
The endoplasm freezes you.
You are frozen.
You hit the endoplasm.
The endoplasm is heavily wounded.
The bat closely misses you. The rat misses you.
The endoplasm closely misses you. The rat closely misses you.
The endoplasm closely misses you.
You hit the endoplasm but do no damage.
The endoplasm is heavily wounded.
The bat closely misses you. The endoplasm misses you.
The rat barely misses you.
You hit the endoplasm but do no damage.
The endoplasm is heavily wounded.
The bat hits you but does no damage. The rat bites you.
The endoplasm freezes you.
You are frozen.
You barely miss the endoplasm.
The endoplasm is heavily wounded.
The bat hits you. The bat hits you but does no damage.
The endoplasm freezes you.
You are frozen.
You feel a terrible chill!
* * * LOW HITPOINT WARNING * * *
The rat barely misses you. The rat closely misses you. The endoplasm hits you.
You die...

###......
.....)..#
........#
........+
........#
........#
.......J#
..?...b@#
......r.#
........#
#######.# #.#
#.# ####.#
###.#####....#
#........).#.#


You could see an endoplasm, a bat and a rat.

Vanquished Creatures
  An endoplasm (D:1)
1 creature vanquished.

Notes
Turn   | Place    | Note
-------+----------+-------------------------------------------
     0 | D:1      | Vulpanium the Djinni Wanderer began the quest for the Orb.
     0 | D:1      | Vulpanium set off with the following items: a +0 club, a
                  | scroll of butterflies, a +0 robe, a scroll of
                  | vulnerabilitythe following spells memorised: Apportation,
                  | Portal Projectile, Blink, Mephitic Cloud, Sting.
     0 | D:1      | Reached XP level 1. HP: 18/18 MP: 0/0
    25 | D:1      | Slain by an endoplasm

Illustrated notes

Levels and vault maps discovered:
D:1:      dpeg_arrival_lava_altar, layout_basic,
          hellmonk_ecumenical_altar_blasted

Action                   || total
-------------------------++-------
Melee: Club              ||     7
 Cast: Apportation       ||     1
Armor: Robe              ||     2
Dodge: Dodged            ||    17
